 Dungeon Crawl Stone Soup version 0.29-a0-416-g83a48905f1 (webtiles) character file.

Game seed: 9526231991426420482

51 bande the Sneak (level 3, -7/28 HPs)
             Began as a Gnoll Wanderer on May 16, 2022.
             Mangled by Sigmund
             ... wielding a +0 scythe
              (11 damage)
             ... on level 3 of the Dungeon.
             The game lasted 00:05:32 (2508 turns).

bande the Sneak (Gnoll Wanderer)                    Turns: 2508, Time: 00:05:32

Health: -7/28      AC:  4    Str: 12    XL:     3   Next: 81%
Magic:  7/7        EV:  9    Int: 13    God:
Gold:   189        SH:  0    Dex: 12    Spells: 6/7 levels left

rFire   . . .      SeeInvis .   a - +0 falchion (protect)
rCold   . . .      Faith    .   (no shield)
rNeg    . . .      Spirit   .   i - +0 scale mail
rPois   .          Reflect  .   (no helmet)
rElec   .          Harm     .   b - +0 cloak
rCorr   .          Rampage  .   (no gloves)
Will    .....                   (no boots)
Stlth   ++........              (no amulet)
HPRegen 0.09/turn               (no ring)
MPRegen 0.10/turn               (no ring)

@: on berserk cooldown, slowed, very slow
A: fangs 1, strong nose, distributed training, agile 1, deformed body
a: no special abilities


You were on level 3 of the Dungeon.
You visited 1 branch of the dungeon, and saw 3 of its levels.

You collected 189 gold pieces.

Inventory:

Hand Weapons
 a - a +0 falchion of protection (weapon)
 l - a +0 shortbow
Armour
 b - a +0 cloak (worn)
 i - a +0 scale mail (worn)
Scrolls
 c - 2 scrolls of teleportation
 m - a scroll of enchant armour {unknown}
 n - 2 scrolls of identify
 o - a scroll of noise {unknown}
 p - a scroll of immolation {unknown}
Potions
 g - a potion of attraction
 h - a potion of lignification {unknown}
 j - a potion of flight {unknown}
 k - 2 potions of haste {unknown}


   Skills:
 + Level 2.6 Fighting
 + Level 1.0 Short Blades
 + Level 4.6 Long Blades
 + Level 1.0 Axes
 + Level 1.0 Maces & Flails
 + Level 1.0 Polearms
 + Level 1.0 Staves
 + Level 1.0 Slings
 + Level 1.0 Bows
 + Level 1.0 Crossbows
 + Level 1.0 Throwing
 + Level 1.0 Armour
 + Level 1.0 Dodging
 + Level 6.0 Stealth
 + Level 1.0 Shields
 + Level 1.0 Unarmed Combat
 + Level 2.9 Spellcasting
 + Level 5.4 Conjurations
 + Level 0.7 Hexes
 + Level 0.7 Summonings
 + Level 0.7 Necromancy
 + Level 0.7 Translocations
 + Level 0.7 Transmutations
 + Level 0.7 Fire Magic
 + Level 0.7 Ice Magic
 + Level 0.7 Air Magic
 + Level 0.7 Earth Magic
 + Level 0.7 Poison Magic
 + Level 1.0 Invocations
 + Level 1.0 Evocations


You had 6 spell levels left.
You knew the following spells:

 Your Spells              Type           Power      Damage    Failure   Level
a - Foxfire               Conj/Fire      36%        2x1d5     34%         1

Your spell library contained the following spells:

 Spells                   Type           Power      Damage    Failure   Level
 Searing Ray              Conj           32%        2d5       21%         2
 Static Discharge         Conj/Air       9%         N/A       47%         2


Dungeon Overview and Level Annotations

Branches:
Dungeon (3/15)

Altars:
Dithmenos
Nemelex Xobeh
Ru
Xom
Yredelemnul

Annotations:
D:3 Sigmund


Innate Abilities, Weirdness & Mutations

You have very sharp teeth.
Your uncanny sense of smell can sniff out nearby items.
Your experience applies equally to all skills.
You are agile. (Dex +2)
Armour fits poorly on your strangely shaped body.


Message History

Sigmund is moderately wounded.
Sigmund hits you but does no damage.
You barely miss Sigmund.
Sigmund is moderately wounded.
Sigmund hits you with a +0 scythe.
You hit Sigmund.
Sigmund is moderately wounded.
Sigmund gestures at you while chanting.
You are confused.
You're too confused to move!
Sigmund hits you with a +0 scythe.
It was a potion of mutation.
You feel extremely strange.
Your body twists and deforms.
You feel agile.
It was a potion of magic.
Magic courses through your body.
Sigmund laughs darkly.
Sigmund hits you but does no damage.
It was a potion of berserk rage.
A red film seems to cover your vision as you go berserk!
You feel yourself moving faster!
You feel mighty!
Sigmund casts a spell.
Sigmund flickers and vanishes!
Deactivating autopickup; reactivate with Ctrl-A.
You bump into the rock wall.
You feel a strong urge to attack something.
You bump into the rock wall.
Something hits you but does no damage.
You feel your anger nearly subside.
You feel less confused.
You are no longer berserk.
You are exhausted.
You feel yourself slow down.
You hear some strange, mumbled words.
Something tries to affect you, but you resist.
Something hits you but does no damage. Something hits you but does no damage.
You hear some strange, mumbled words.
A magic dart appears from out of thin air!
The magic dart hits you. Something hits you.
* * * LOW HITPOINT WARNING * * *
Something hits you.
* * * LOW HITPOINT WARNING * * *
Something hits you!
You die...

#.#.######.###.###.####
#..>...................
#...######.##...####)##
#...# #.##.#.# #.#
#...######..<.#... #.#
##...##......## ## ..#
#....##.#.#....# #.#
#.#.....{...##.# #.#
#...###@#.#.# . #.#
###.# #.....# ... #.#
###.#.# #.# .#.# #.# ..
. #.# .. . #.. .. ###
...


There were no monsters in sight!

Vanquished Creatures
  5 bats
  5 endoplasms
  2 giant cockroaches
  7 goblins
  8 hobgoblins
  2 quokkas
  5 ball pythons
  2 frilled lizards
  3 kobolds
  4 rats
43 creatures vanquished.

Vanquished Creatures (others)
  6 foxfires (D:1)
6 creatures vanquished.

Grand Total: 49 creatures vanquished

Notes
Turn   | Place    | Note
-------+----------+-------------------------------------------
     0 | D:1      | bande the Gnoll Wanderer began the quest for the Orb.
     0 | D:1      | bande set off with the following items: a +0 falchion, a +0
                  | cloak, a scroll of teleportation, a +0 robe; and the
                  | following spell memorised: Foxfire; and the following
                  | spells available to memorise: Searing Ray, Static Discharge
     0 | D:1      | Reached XP level 1. HP: 17/17 MP: 4/4
   329 | D:1      | Found a faded altar of an unknown god.
   566 | D:1      | Reached XP level 2. HP: 20/23 MP: 5/5
   960 | D:1      | Reached XP level 3. HP: 26/28 MP: 7/7
  1241 | D:2      | Reached skill level 6 in Stealth
  1607 | D:2      | Reached skill level 1 in Invocations
  2342 | D:3      | Found a shimmering altar of Xom.
  2358 | D:3      | Reached skill level 1 in Short Blades
  2358 | D:3      | Reached skill level 1 in Axes
  2358 | D:3      | Reached skill level 1 in Maces & Flails
  2358 | D:3      | Reached skill level 1 in Polearms
  2358 | D:3      | Reached skill level 1 in Staves
  2358 | D:3      | Reached skill level 1 in Slings
  2358 | D:3      | Reached skill level 1 in Bows
  2358 | D:3      | Reached skill level 1 in Crossbows
  2358 | D:3      | Reached skill level 1 in Throwing
  2358 | D:3      | Reached skill level 1 in Armour
  2358 | D:3      | Reached skill level 1 in Dodging
  2358 | D:3      | Reached skill level 1 in Shields
  2358 | D:3      | Reached skill level 1 in Unarmed Combat
  2358 | D:3      | Reached skill level 1 in Evocations
  2396 | D:3      | Found a shadowy altar of Dithmenos.
  2396 | D:3      | Found a sparkling altar of Nemelex Xobeh.
  2399 | D:3      | Found a basalt altar of Yredelemnul.
  2399 | D:3      | Found a sacrificial altar of Ru.
  2399 | D:3      | Found a shimmering altar of Xom.
  2472 | D:3      | Noticed Sigmund
  2496 | D:3      | Gained mutation: Armour fits poorly on your strangely
                  | shaped body. [potion of mutation]
  2496 | D:3      | Gained mutation: You are agile. (Dex +2) [potion of
                  | mutation]
  2508 | D:3      | Mangled by Sigmund

Illustrated notes

Levels and vault maps discovered:
D:1:      dpeg_arrival_three_bigger_balls, layout_rooms,
          ebering_ecumenical_altar_mist
D:2:      kennysheep_six_static_rooms, layout_basic
D:3:      layout_loops_ring, mainiacjoe_overflow_brackets, doesnt_xom_only_xom,
          minmay_misc_feat_more_columns, uniq_sigmund, uniq_jessica

Skill      XL: |  1  2  3 |
---------------+----------+-----
Stealth        | 6 |  6.0
Invocations    | 1 |  1.0
Short Blades   | 1 |  1.0
Axes           | 1 |  1.0
Maces & Flails | 1 |  1.0
Polearms       | 1 |  1.0
Staves         | 1 |  1.0
Slings         | 1 |  1.0
Bows           | 1 |  1.0
Crossbows      | 1 |  1.0
Throwing       | 1 |  1.0
Armour         | 1 |  1.0
Dodging        | 1 |  1.0
Shields        | 1 |  1.0
Unarmed Combat | 1 |  1.0
Evocations     | 1 |  1.0
Fighting       | |  2.6
Long Blades    | |  4.6
Spellcasting   | |  2.9
Conjurations   | |  5.4
Hexes          | |  0.7
Summonings     | |  0.7
Necromancy     | |  0.7
Translocations | |  0.7
Transmutations | |  0.7
Fire Magic     | |  0.7
Ice Magic      | |  0.7
Air Magic      | |  0.7
Earth Magic    | |  0.7
Poison Magic   | |  0.7

Action                   || total
-------------------------++-------
Melee: Falchion          ||    91
       Bite              ||     7
 Fire: Shortbow          ||    59
 Cast: Foxfire           ||     4
  Use: Scroll            ||     5
       Potion            ||     3
Armor: Scale mail        ||    93
       Robe              ||     1
Dodge: Dodged            ||    60

Table legend: (Time is in decaauts)
 A = Elapsed time spent in this place.
 B = Non-inter-level travel time spent in this place.
 C = Inter-level travel time spent in this place.
 D = Time resting spent in this place.
 E = Time spent auto-exploring this place.
 F = Levels seen in this place.
 G = Mean time per level.
                   A        B        C        D        E       F      G
               +--------+--------+--------+--------+--------+-----+--------+
         Total |   2556 |   2556 |      0 |    394 |   1681 |   3 |  852.0 |
       Dungeon |   2556 |   2556 |      0 |    394 |   1681 |   3 |  852.0 |
               +--------+--------+--------+--------+--------+-----+--------+

Top non-repeatable levels by time:
     D:1: 1220 daAuts
     D:2: 1079 daAuts
     D:3: 256 daAuts
